[Event "Titled Tuesday Blitz September 27 Late 2022"]
[White "Kamsky, Gata"]
[Black "Boros, Denes"]
[WhiteFideId "2000024"]
[BlackFideId "722340"]
[WhiteElo "2666"]
[BlackElo "2464"]
[Result "1/2-1/2"]
[Round "05"]
[TimeControl "180+1"]
[Date "2022.09.27"]
[WhiteClock "0:00:55"]
[BlackClock "0:00:32"]

1. d4 g6 2. c3 c6 3. e4 Nf6 4. e5 Nh5 5. Be2 Ng7 6. f4 d5 7. Be3 h5 8. Nf3 Bg4 9. Nbd2 Nd7 10. O-O Nf5 11. Bf2 e6 12. b4 Bh6 13. g3 h4 14. Nxh4 Bxe2 15. Qxe2 Nxh4 16. gxh4 Bxf4 17. Nf3 Qe7 18. Bg3 Bh6 19. a4 g5 20. hxg5 Bxg5 21. Nxg5 Qxg5 22. Rf4 Rh7 23. Raf1 O-O-O 24. Rxf7 Rxf7 25. Rxf7 Rg8 26. Kg2 Nb6 1/2-1/2


[Site "https://www.chess.com"]

[Event "Titled Tuesday Blitz September 27 Late 2022"]
[White "Kravtsiv, Martyn"]
[Black "Averjanov, Alexey"]
[WhiteFideId "14113147"]
[BlackFideId "14109867"]
[WhiteElo "2694"]
[BlackElo "2658"]
[Result "1-0"]
[Round "05"]
[TimeControl "180+1"]
[Date "2022.09.27"]
[WhiteClock "0:01:38"]
[BlackClock "0:01:33"]

1. e4 c6 2. Nf3 d5 3. d3 Qc7 4. Nc3 dxe4 5. Nxe4 Bg4 6. h3 Bh5 7. Qe2 Nd7 8. g4 Bg6 9. Bg2 Ngf6 10. Nxf6+ Nxf6 11. Ne5 e6 12. Bd2 Bd6 13. f4 Bxe5 14. fxe5 Nd7 15. Bc3 O-O-O 16. O-O-O Nb6 17. Bb4 Nd5 18. Bd6 Qa5 19. Kb1 Nf4 20. Qf2 Nxg2 21. Qxg2 h5 22. g5 Qd5 23. Qf2 b6 24. h4 Bf5 25. Rhe1 Kb7 26. Ka1 g6 27. c4 Qa5 28. d4 Rd7 29. Re3 b5 30. Ra3 Qd8 31. d5 a6 32. dxc6+ Kxc6 33. Rxa6+ Kb7 34. Qa7+ Kc8 35. Qb8# 1-0


[Site "https://www.chess.com"]

[Event "Titled Tuesday Blitz September 27 Late 2022"]
[White "Lewtak, Damian"]
[Black "Melikhov, Evgeny V."]
[WhiteFideId "1141724"]
[BlackFideId "4122046"]
[WhiteElo "2329"]
[BlackElo "1963"]
[Result "1-0"]
[Round "05"]
[TimeControl "180+1"]
[Date "2022.09.28"]
[WhiteClock "0:00:02"]
[BlackClock "0:00:07"]

1. e4 e5 2. Nf3 Nc6 3. Bb5 a6 4. Bxc6 dxc6 5. O-O f6 6. d4 exd4 7. Nxd4 c5 8. Nb3 Qxd1 9. Rxd1 Bd7 10. Nc3 O-O-O 11. Bf4 Be6 12. Na5 Bd6 13. Bxd6 Rxd6 14. Rxd6 cxd6 15. b3 Ne7 16. Rd1 Rd8 17. Nc4 Kc7 18. Ne3 b5 19. f4 b4 20. Ncd5+ Bxd5 21. exd5 a5 22. a4 bxa3 23. Ra1 Rb8 24. Rxa3 Rb4 25. Rxa5 Rxf4 26. Ra7+ Kd8 27. c4 h5 28. Ra6 Kd7 29. Ra7+ Kd8 30. h3 h4 31. Rb7 g5 32. Ng4 Nc8 33. Nh6 Rd4 34. Nf7+ Ke8 35. Rc7 Ne7 36. Nxd6+ Kd8 37. Ra7 Rd2 38. Nb7+ Kc8 39. Nxc5 Nf5 40. Ne6 Ne3 41. c5 Rxd5 42. c6 Rd2 43. Ra8# 1-0


[Site "https://www.chess.com"]

[Event "Titled Tuesday Blitz September 27 Late 2022"]
[White "Makarian, Rudik"]
[Black "Vlassov, Nikolai"]
[WhiteFideId "44105681"]
[BlackFideId "4103360"]
[WhiteElo "2410"]
[BlackElo "2324"]
[Result "0-1"]
[Round "05"]
[TimeControl "180+1"]
[Date "2022.09.27"]
[WhiteClock "0:00:01"]
[BlackClock "0:00:09"]

1. d3 e5 2. Nf3 Nc6 3. c4 f5 4. Nc3 Nf6 5. Bg5 h6 6. Bxf6 Qxf6 7. Nd5 Bb4+ 8. Nd2 Qd8 9. g3 O-O 10. Bg2 Bxd2+ 11. Qxd2 d6 12. O-O Ne7 13. b4 c6 14. Nc3 Be6 15. b5 d5 16. bxc6 bxc6 17. cxd5 cxd5 18. Rab1 Rc8 19. Rfc1 Qd7 20. e3 f4 21. exf4 exf4 22. Re1 f3 23. Bh1 d4 24. Ne4 Nd5 25. Qa5 Nc3 26. Nxc3 dxc3 27. Rbc1 c2 28. h4 Rf7 29. Kh2 Bd5 30. Re3 Qc6 31. d4 Qc4 32. Re5 Ba8 33. Qd2 Bd5 34. Qa5 Rd7 35. Qd2 Qxa2 36. Qe3 Rf7 37. g4 Qc4 38. g5 hxg5 39. hxg5 Rc6 40. Kg3 Rg6 41. Rxc2 Qxc2 42. Rxd5 Rf5 43. Bxf3 Rxd5 44. Bxd5+ Kh7 45. Be4 Qc7+ 46. f4 Qd6 47. Qf3 Kg8 48. Bxg6 Qxg6 49. Qa8+ Kh7 50. Qh1+ Kg8 51. Qa8+ Kh7 52. Qh1+ Kg8 53. Qf3 a5 54. d5 a4 55. Kg4 Qc2 56. d6 Qc8+ 57. Kg3 Qd7 58. Qd5+ Kf8 59. f5 a3 60. Kg4 a2 0-1


[Site "https://www.chess.com"]

[Event "Titled Tuesday Blitz September 27 Late 2022"]
[White "Maze, Sebastien"]
[Black "Toniutti, Ezio"]
[WhiteFideId "613762"]
[BlackFideId "113034"]
[WhiteElo "2430"]
[BlackElo "2215"]
[Result "0-1"]
[Round "05"]
[TimeControl "180+1"]
[Date "2022.09.28"]
[WhiteClock "0:00:05"]
[BlackClock "0:00:15"]

1. e4 e5 2. Nf3 Nc6 3. Bb5 a6 4. Bxc6 dxc6 5. O-O Bg4 6. h3 h5 7. d3 Qf6 8. Be3 Bxf3 9. Qxf3 Qxf3 10. gxf3 Bd6 11. Nd2 Ne7 12. Rfb1 f5 13. Bg5 Rf8 14. Bxe7 Kxe7 15. Kg2 Rf6 16. Re1 Kd7 17. Nc4 Raf8 18. Re2 b5 19. Ne3 f4 20. Nf1 g5 21. a4 Rg8 22. axb5 axb5 23. Nh2 Bc5 24. Rd2 Bb6 25. c3 c5 26. Ra6 Kc6 27. Kf1 Kb7 28. Ra2 Rff8 29. Rd1 Rd8 30. Ke2 Kc6 31. Rda1 Kb7 32. Rg1 Rd7 33. Raa1 Rdg7 34. Rg2 Kc6 35. Rag1 c4 36. dxc4 bxc4 37. h4 g4 38. fxg4 Kb5 39. g5 Rg6 40. Nf3 Re8 41. Rd1 Ka4 42. Rd2 Rd6 43. Rxd6 cxd6 44. g6 Rg8 45. g7 Kb3 46. Rg6 Kxb2 47. Rxd6 Ba5 48. Rd7 Bxc3 49. Ng5 Bb4 50. Rb7 Kb3 51. Nh7 c3 52. Rc7 c2 53. Kd3 Rxg7 54. Rxc2 Rd7+ 0-1


[Site "https://www.chess.com"]

[Event "Titled Tuesday Blitz September 27 Late 2022"]
[White "Meduri, Aakaash"]
[Black "Stoyanov, Tsvetan"]
[WhiteFideId "2032252"]
[BlackFideId "2917173"]
[WhiteElo "2113"]
[BlackElo "2283"]
[Result "1-0"]
[Round "05"]
[TimeControl "180+1"]
[Date "2022.09.28"]
[WhiteClock "0:00:09"]
[BlackClock "0:00:07"]

1. d4 Nf6 2. Nc3 d5 3. Bf4 e6 4. Nb5 Na6 5. e3 c6 6. Nc3 Bb4 7. Bd3 Nc7 8. a3 Bd6 9. Bg3 h5 10. Nf3 Ng4 11. e4 Bxg3 12. hxg3 dxe4 13. Nxe4 Nd5 14. c4 Ne7 15. Qc2 Qc7 16. O-O-O Bd7 17. Kb1 O-O-O 18. Nfg5 Be8 19. Qc3 Rh6 20. f3 Ne3 21. Rd2 N3f5 22. Bc2 h4 23. g4 Ng3 24. Nxg3 Qxg3 25. Ne4 Qf4 26. c5 Nd5 27. Qa5 a6 28. Nd6+ Rxd6 29. cxd6 Qxd6 30. Be4 Qf4 31. Re1 Bd7 32. Bxd5 exd5 33. Rde2 Re6 34. Qc3 Qg3 35. Qc2 Qf4 36. Qd3 Qg3 37. Rxe6 Bxe6 38. Re2 h3 39. gxh3 Qxh3 40. Ka2 Qf1 41. Qe3 Qd1 42. Rd2 Qa4 43. Rh2 Qc4+ 44. b3 Qb5 45. f4 g6 46. f5 gxf5 47. Rh8+ Kd7 48. gxf5 Bxf5 49. Qe8+ Kd6 50. Qe5+ Kd7 51. Qxf5+ Kc7 52. Qe5+ Kb6 53. Qe3 Qf1 54. Rh2 Qf5 55. Rf2 Qg6 56. Qf4 Qd3 57. Qf3 Qxd4 58. Qxf7 Qc3 59. Qf3 Qd4 60. Re2 Kc7 61. Qe3 Qg4 62. Qe7+ Kb6 63. Qe3+ Kc7 64. Qe7+ Kb6 65. Qb4+ Qxb4 66. axb4 Kb5 67. Ka3 b6 68. Rd2 a5 69. bxa5 bxa5 70. Rd4 Kc5 71. Rh4 Kb5 72. Rh5 Kc5 73. Ka4 Kd4 74. Kxa5 Kc3 75. Rh3+ Kd4 76. Kb4 c5+ 77. Kb5 1-0


[Site "https://www.chess.com"]

[Event "Titled Tuesday Blitz September 27 Late 2022"]
[White "Moral Garcia, Serafin"]
[Black "Prydun, Andriy"]
[WhiteFideId "2201925"]
[BlackFideId "14145898"]
[WhiteElo "2259"]
[BlackElo "2163"]
[Result "1/2-1/2"]
[Round "05"]
[TimeControl "180+1"]
[Date "2022.09.28"]
[WhiteClock "0:00:19"]
[BlackClock "0:00:08"]

1. c4 Nf6 2. Nc3 e6 3. b3 d5 4. e3 Be7 5. Bb2 Nbd7 6. Nf3 c6 7. Be2 a6 8. O-O O-O 9. d4 b5 10. Qc2 Bb7 11. e4 b4 12. Na4 Nxe4 13. Bd3 f5 14. Rfe1 Bf6 15. Nd2 Re8 16. Nf1 a5 17. Rac1 Ba6 18. f3 Nd6 19. Qd2 Rc8 20. cxd5 Bxd3 21. dxe6 Bxf1 22. exd7 Qxd7 23. Kxf1 Qb7 24. Qd3 Red8 25. Rc5 Nb5 26. Rxf5 Nxd4 27. Rxa5 Nb5 28. Qc4+ Qf7 29. Qxf7+ Kxf7 30. Bxf6 Kxf6 31. Ra6 Rd2 32. Re2 Rd1+ 33. Kf2 Nd4 34. Rb2 Re8 35. Nc5 h5 36. Ne4+ Kf5 37. Ra5+ Re5 38. Rxe5+ Kxe5 39. Rd2 Ra1 40. Ng3 g6 41. Ne2 Nb5 42. Ke3 g5 43. Kd3 Rh1 44. h3 g4 45. hxg4 hxg4 46. fxg4 Rh4 47. Kc4 Rxg4+ 48. Kc5 Rxg2 49. Kxb4 Nc7 50. Kc5 Nd5 51. Kxc6 Nc3 52. a4 Rxe2 53. Rxe2+ Nxe2 54. a5 Nd4+ 55. Kb6 Kd6 56. a6 Nc6 57. b4 Nxb4 58. a7 Nd5+ 59. Kb7 Nc7 60. Kb6 Kd7 61. Kb7 Kd8 62. Kb6 Kd7 63. Kb7 Kd8 64. Kb8 Kd7 65. Kb7 1/2-1/2


[Site "https://www.chess.com"]

[Event "Titled Tuesday Blitz September 27 Late 2022"]
[White "Nakamura, Hikaru"]
[Black "Beerdsen, Thomas"]
[WhiteFideId "2016192"]
[BlackFideId "1030108"]
[WhiteElo "2850"]
[BlackElo "2567"]
[Result "1-0"]
[Round "05"]
[TimeControl "180+1"]
[Date "2022.09.27"]
[WhiteClock "0:01:13"]
[BlackClock "0:00:07"]

1. Nf3 h6 2. e4 g5 3. d4 Bg7 4. Bc4 d6 5. c3 g4 6. Ng1 a6 7. h3 b5 8. Bd5 c6 9. Bb3 Nf6 10. Qe2 h5 11. Bg5 Qc7 12. a4 Nbd7 13. axb5 cxb5 14. Nd2 Bb7 15. hxg4 hxg4 16. Rxh8+ Bxh8 17. Qd3 e6 18. Ne2 Qc6 19. Bc2 Rc8 20. Qg3 Bg7 21. Qh4 Qb6 22. Bd3 Qd8 23. Ng3 Qe7 24. Nh5 Bh8 25. Nf1 b4 26. c4 e5 27. d5 Nc5 28. Bc2 b3 29. Bb1 Ncxe4 30. Bxe4 Rxc4 31. Nd2 Rc5 32. Nxf6+ 1-0


[Site "https://www.chess.com"]

[Event "Titled Tuesday Blitz September 27 Late 2022"]
[White "Nogerbek, Kazybek"]
[Black "Bortnyk, Mykola"]
[WhiteFideId "13710427"]
[BlackFideId "14120836"]
[WhiteElo "2458"]
[BlackElo "2582"]
[Result "0-1"]
[Round "05"]
[TimeControl "180+1"]
[Date "2022.09.27"]
[WhiteClock "0:00:03"]
[BlackClock "0:00:24"]

1. Nf3 c5 2. c4 Nc6 3. Nc3 Nf6 4. g3 g6 5. Bg2 Bg7 6. O-O O-O 7. d4 cxd4 8. Nxd4 a6 9. b3 Nxd4 10. Qxd4 d5 11. cxd5 Nxd5 12. Qxd5 Bxc3 13. Bh6 Qxd5 14. Bxd5 Rd8 15. Rad1 Bh3 16. Bg2 Bxg2 17. Kxg2 f6 18. Be3 b5 19. Bb6 Rxd1 20. Rxd1 Rb8 21. Bc5 Rb7 22. Rd8+ Kf7 23. Ra8 a5 24. g4 Rd7 25. Bb6 Rd2 26. a3 Ra2 27. Rc8 Be1 28. Rc5 b4 29. a4 Rxe2 30. Rxa5 Rb2 31. Rb5 Rxb3 32. a5 Ra3 33. Bc5 Ra4 34. Rb7 Ke6 35. Rxe7+ Kd5 36. Bb6 Bc3 37. Rd7+ Kc4 38. Rc7+ Kd3 39. Rd7+ Kc2 40. Rc7 b3 41. a6 b2 42. a7 b1=Q 43. Bd4 Kd3 44. Bxc3 Rxg4+ 45. Kh3 Qf1+ 46. Kxg4 Qg2+ 47. Kf4 Qxf2+ 48. Kg4 Qg2+ 49. Kf4 Qxh2+ 50. Kf3 Qxc7 51. a8=Q Qxc3 52. Qh8 Kd2+ 53. Kf2 Qd4+ 54. Kf1 h5 55. Qe8 Qd3+ 56. Kg2 Qe2+ 57. Qxe2+ Kxe2 0-1


[Site "https://www.chess.com"]

[Event "Titled Tuesday Blitz September 27 Late 2022"]
[White "Papasimakopoulos, Alexandros"]
[Black "Lazavik, Denis"]
[WhiteFideId "4244125"]
[BlackFideId "13515110"]
[WhiteElo "2357"]
[BlackElo "2437"]
[Result "1/2-1/2"]
[Round "05"]
[TimeControl "180+1"]
[Date "2022.09.27"]
[WhiteClock "0:00:09"]
[BlackClock "0:00:06"]

1. d4 f5 2. e4 fxe4 3. Nc3 Nf6 4. Bg5 g6 5. f3 d5 6. fxe4 Nxe4 7. Nxe4 dxe4 8. Qd2 Bg7 9. O-O-O O-O 10. Bc4+ Kh8 11. Bh6 Bg4 12. Ne2 Nd7 13. Bxg7+ Kxg7 14. h3 Bxe2 15. Qxe2 Nf6 16. g4 Qd6 17. h4 Qf4+ 18. Kb1 Nxg4 19. Rdf1 Nf2 20. h5 g5 21. h6+ Kh8 22. Rhg1 e3 23. a3 Rf6 24. Qh5 g4 25. Be2 Rxh6 26. Qc5 g3 27. Qxe7 Rh2 28. Re1 Rf8 29. Rxg3 Qf6 30. Qxe3 Rh4 31. Rf3 Rf4 32. Qxf2 Rxf3 33. Bxf3 Qxf3 34. Qh2 Qf4 35. Qg1 Rg8 36. Qh1 c6 37. c3 Qf5+ 38. Ka1 Rf8 39. Qg2 Qf2 40. Qe4 Qf5 41. Qe7 Qf7 42. Qe5+ Qg7 43. Qe2 Rg8 44. Rf1 Qg2 45. Qe5+ Qg7 46. Rf6 Rd8 47. a4 a6 48. a5 Rc8 49. b4 Rd8 50. Kb2 Kg8 51. Qe6+ Kh8 52. Rf7 Qg6 53. Rf6 Qg7 54. Qe5 Kg8 55. Ka3 Rf8 56. Qe6+ Kh8 57. Rh6 Rd8 58. Rh3 Rf8 59. Qe4 Rg8 60. Qh4 Rf8 61. Qh5 Qf7 62. Qg4 Qg7 63. Qh4 Qf7 64. Qe4 Qg7 65. Kb3 Qf7+ 66. Kb2 Qg7 67. Qe6 Rf2+ 68. Ka3 Rf8 69. Re3 Qf7 70. Qxf7 Rxf7 71. Kb3 h5 72. Kc4 Kg7 73. d5 cxd5+ 74. Kxd5 Kg6 75. c4 h4 76. b5 Kg5 77. Kc5 axb5 78. cxb5 Kg4 79. Re4+ Kg3 80. Re8 h3 81. Rg8+ Kh4 82. Rh8+ Kg3 83. Kb6 h2 84. Ka7 Rg7 85. b6 Kg2 86. a6 bxa6+ 87. Kxa6 h1=Q 88. Rxh1 Kxh1 89. b7 Rg8 90. Ka7 Kg2 91. b8=Q Rxb8 92. Kxb8 1/2-1/2


[Site "https://www.chess.com"]

[Event "Titled Tuesday Blitz September 27 Late 2022"]
[White "Paravyan, David"]
[Black "Ozen, Bahadir"]
[WhiteFideId "4194985"]
[BlackFideId "6337058"]
[WhiteElo "2555"]
[BlackElo "2503"]
[Result "1/2-1/2"]
[Round "05"]
[TimeControl "180+1"]
[Date "2022.09.27"]
[WhiteClock "0:00:04"]
[BlackClock "0:00:06"]

1. Nf3 d5 2. c4 c6 3. b3 Bf5 4. Bb2 e6 5. e3 h6 6. Nc3 Nf6 7. Ne2 Bh7 8. Ng3 Nbd7 9. Be2 Bd6 10. O-O O-O 11. d4 a5 12. a4 Qe7 13. Ne5 Ne4 14. Nxe4 Bxe4 15. f3 Bh7 16. f4 f6 17. Nd3 b6 18. Rc1 Rac8 19. Bf3 Ba3 20. Bxa3 Qxa3 21. Re1 Bxd3 22. Qxd3 f5 23. g4 g6 24. Rc2 Nf6 25. Rg2 Kf7 26. Kh1 Rg8 27. Reg1 Qd6 28. Qe2 Qb4 29. gxf5 exf5 30. cxd5 cxd5 31. Qa6 Qd6 32. b4 axb4 33. a5 Rb8 34. Qa7+ Qe7 35. axb6 Qxa7 36. bxa7 Ra8 37. Rb2 Rxa7 38. Rxb4 Re8 39. Rb3 Rae7 40. Re1 Ne4 41. Kg2 Nf6 42. h3 g5 43. fxg5 hxg5 44. Kf2 f4 45. Rg1 Rxe3 46. Rxe3 Rxe3 47. Rxg5 Rd3 48. h4 Rxd4 49. Ke2 Ne4 50. Rf5+ Kg6 51. Rf8 Ng3+ 52. Ke1 Rb4 53. Bxd5 Kg7 54. Rf7+ Kg6 55. Rd7 Rb2 56. Bf3 Rh2 57. Rd6+ Kg7 58. Rd7+ Kg6 59. Rd6+ Kg7 60. h5 Nxh5 61. Be4 Nf6 62. Bd3 f3 63. Ra6 Nd5 64. Re6 f2+ 65. Kf1 Nf4 66. Re3 Nxd3 67. Rxd3 Rh6 68. Rg3+ Rg6 69. Rg2 Kf7 70. Rxf2+ Rf6 71. Rxf6+ Kxf6 1/2-1/2


[Site "https://www.chess.com"]

[Event "Titled Tuesday Blitz September 27 Late 2022"]
[White "Petrosyan, Manuel"]
[Black "Matinian, Nikita"]
[WhiteFideId "13300857"]
[BlackFideId "24129100"]
[WhiteElo "2592"]
[BlackElo "2422"]
[Result "1-0"]
[Round "05"]
[TimeControl "180+1"]
[Date "2022.09.27"]
[WhiteClock "0:00:22"]
[BlackClock "0:00:06"]

1. d4 Nf6 2. Nf3 g6 3. Nc3 d5 4. Bf4 c6 5. e3 Bg4 6. Be2 Nbd7 7. Ne5 Bxe2 8. Qxe2 Nh5 9. Nxd7 Nxf4 10. exf4 Qxd7 11. O-O Bg7 12. Rad1 O-O 13. Nb1 a5 14. c3 a4 15. a3 Ra5 16. Nd2 Rb5 17. Nf3 Re8 18. Rd2 Qg4 19. g3 e6 20. Kg2 h5 21. Re1 Ra8 22. Qe3 Rc8 23. Nh4 e5 24. fxe5 Qe6 25. Nf3 Qe7 26. h4 Rb3 27. Qf4 Rb5 28. Rde2 c5 29. dxc5 Rbxc5 30. Qxa4 Rc4 31. Qd1 Qe6 32. Nd4 Qe7 33. Qd3 b6 34. Qf3 Rd8 35. Rd1 Bxe5 36. Nc2 Qf6 37. Ne3 Qxf3+ 38. Kxf3 Rc5 39. Red2 Kg7 40. Rxd5 Rb8 41. Rxc5 bxc5 42. Nc4 Bf6 43. a4 g5 44. hxg5 Bxg5 45. Rd5 Kg6 46. Rxc5 f6 47. a5 h4 48. gxh4 Bxh4 49. a6 1-0


[Site "https://www.chess.com"]

[Event "Titled Tuesday Blitz September 27 Late 2022"]
[White "Preotu, Razvan"]
[Black "Dounis, Alexandros"]
[WhiteFideId "2613280"]
[BlackFideId "4213238"]
[WhiteElo "2407"]
[BlackElo "2204"]
[Result "1/2-1/2"]
[Round "05"]
[TimeControl "180+1"]
[Date "2022.09.28"]
[WhiteClock "0:00:03"]
[BlackClock "0:00:14"]

1. e4 e5 2. Nf3 Nc6 3. Bc4 Bc5 4. c3 Nf6 5. d3 O-O 6. O-O d6 7. Re1 a6 8. a4 Ba7 9. h3 h6 10. Nbd2 Re8 11. b4 Be6 12. Bxe6 Rxe6 13. Qc2 Qd7 14. Rb1 Ree8 15. b5 axb5 16. axb5 Ne7 17. Nc4 Ng6 18. b6 cxb6 19. Nxb6 Bxb6 20. Rxb6 Qc7 21. Qb3 Reb8 22. Be3 Nd7 23. Rb5 Nc5 24. Qc4 Ra4 25. Rb4 Rxb4 26. cxb4 Ne6 27. Qxc7 Nxc7 28. Nd2 b5 29. Ra1 Ra8 30. Ra5 Ra6 31. Kf1 Ne7 32. Nb1 Nc6 33. Rxa6 Nxa6 34. Nc3 Naxb4 35. Ke2 f6 36. Nxb5 d5 37. Bc5 dxe4 38. dxe4 Kf7 39. Nd6+ Ke6 40. Nf5 Kf7 41. h4 h5 42. Ne3 g6 43. g3 Ke6 44. f4 Na6 45. f5+ gxf5 46. exf5+ Kf7 47. Bd6 Nd4+ 48. Kd3 Nb5 49. Nc4 Nxd6 50. Nxd6+ Ke7 51. Ne4 Nb4+ 52. Ke3 Nd5+ 53. Kf3 Kf7 54. Nd6+ Kg7 55. Ke4 Nc3+ 56. Kd3 Nd5 57. Ke4 Nc3+ 58. Kf3 Nd5 59. Ke4 1/2-1/2


[Site "https://www.chess.com"]

[Event "Titled Tuesday Blitz September 27 Late 2022"]
[White "Putnam, Liam"]
[Black "Perez Ponsa, Federico"]
[WhiteFideId "30938279"]
[BlackFideId "117927"]
[WhiteElo "2031"]
[BlackElo "2604"]
[Result "0-1"]
[Round "05"]
[TimeControl "180+1"]
[Date "2022.09.28"]
[WhiteClock "0:00:03"]
[BlackClock "0:00:25"]

1. e4 c5 2. Nf3 d6 3. d4 cxd4 4. Nxd4 Nf6 5. Nc3 a6 6. Bc4 e6 7. Bb3 Nbd7 8. f4 Nc5 9. O-O Nfxe4 10. Nxe4 Nxe4 11. f5 e5 12. Qh5 Qc7 13. Ne6 Qe7 14. Bg5 Nxg5 15. Nxg5 d5 16. Rae1 Bd7 17. Bxd5 Qc5+ 18. Kh1 Qxd5 19. Rd1 g6 20. fxg6 fxg6 21. Rxd5 gxh5 22. Rxe5+ Kd8 23. Nf7+ Kc7 24. Nxh8 Bd6 25. Rd5 Be6 26. Rxd6 Kxd6 27. Nf7+ Ke7 28. Ng5 Bxa2 29. Re1+ Kf6 30. Nxh7+ Kg6 31. Re7 Bg8 32. Rxb7 Bxh7 33. h4 Kh6 34. Kh2 Bxc2 35. b4 Bd3 36. Rb6+ Kg7 37. Rb7+ Kf6 38. Rb6+ Ke5 39. Rh6 Be2 40. Rh7 Kf6 41. Rc7 Rb8 42. Rc6+ Ke5 43. Rc5+ Ke4 44. Rc7 Rxb4 45. Re7+ Kd3 46. g3 Bg4 47. Re8 Rb2+ 48. Kg1 Ra2 49. Rd8+ Kc3 50. Kf1 a5 51. Ke1 a4 52. Rd6 a3 0-1


[Site "https://www.chess.com"]

[Event "Titled Tuesday Blitz September 27 Late 2022"]
[White "Rastbod, Ali"]
[Black "Van Foreest, Jorden"]
[WhiteFideId "12567477"]
[BlackFideId "1039784"]
[WhiteElo "2191"]
[BlackElo "2649"]
[Result "0-1"]
[Round "05"]
[TimeControl "180+1"]
[Date "2022.09.27"]
[WhiteClock "0:00:18"]
[BlackClock "0:00:52"]

1. d4 Nf6 2. c4 e6 3. Nf3 c5 4. d5 d6 5. Nc3 exd5 6. cxd5 g6 7. e4 Bg7 8. Be2 a6 9. a4 Bg4 10. Nd2 Bxe2 11. Qxe2 O-O 12. O-O Nbd7 13. Nc4 Nb6 14. Na3 Re8 15. Qd3 Nbd7 16. Nc4 Ne5 17. Nxe5 Rxe5 18. Bf4 Re8 19. a5 Ng4 20. Rfe1 Bd4 21. Bg3 h5 22. h3 h4 23. hxg4 hxg3 24. Qxg3 Kg7 25. g5 Re5 26. Qf3 Rxg5 27. Ne2 Bxb2 28. Rab1 Qxa5 29. Rf1 Bf6 30. Rxb7 Re5 31. Nf4 Re7 32. Rfb1 Rxb7 33. Rxb7 Qe1+ 34. Kh2 Rh8+ 35. Nh3 Qf1 36. Kg3 Rxh3+ 37. gxh3 Qg1+ 38. Qg2 Be5+ 39. f4 Bxf4+ 40. Kf3 Qe3+ 41. Kg4 Be5 42. h4 a5 43. Qf3 Qg1+ 44. Kh3 Bf6 45. e5 dxe5 46. d6 e4 47. Qxe4 Qf1+ 48. Kg3 Qg1+ 49. Kh3 a4 50. Qd5 Qe3+ 51. Kg2 Qe2+ 52. Kg3 Be5+ 53. Kh3 Qf1+ 54. Kg4 Qf5# 0-1


[Site "https://www.chess.com"]

[Event "Titled Tuesday Blitz September 27 Late 2022"]
[White "Rustemov, Alexander"]
[Black "Korchmar, Vasiliy"]
[WhiteFideId "4119002"]
[BlackFideId "24131750"]
[WhiteElo "2843"]
[BlackElo "2370"]
[Result "0-1"]
[Round "05"]
[TimeControl "180+1"]
[Date "2022.09.27"]
[WhiteClock "0:00:15"]
[BlackClock "0:00:04"]

1. d4 d5 2. c4 c6 3. Nc3 Nf6 4. e3 e6 5. Nf3 Nbd7 6. Qc2 Bd6 7. b3 O-O 8. Be2 b6 9. O-O Bb7 10. Bb2 Rc8 11. e4 dxe4 12. Nxe4 Nxe4 13. Qxe4 Nf6 14. Qh4 c5 15. Rad1 Ne4 16. Qxd8 Rfxd8 17. Nd2 cxd4 18. Nxe4 Bxe4 19. Bxd4 Bb4 20. Be3 f6 21. f3 Bc2 22. Rxd8+ Rxd8 23. Rc1 Bf5 24. Rd1 Rxd1+ 25. Bxd1 Kf7 26. Kf2 e5 27. g4 Bb1 28. a4 Bd3 29. f4 e4 30. f5 g6 31. fxg6+ hxg6 32. h4 Bd6 33. a5 Bc7 34. axb6 axb6 35. h5 gxh5 36. gxh5 f5 37. Bd4 f4 38. Bg4 b5 39. cxb5 Bxb5 40. Bf5 e3+ 41. Kf3 Bc6+ 42. Kg4 e2 43. Bc3 f3 44. Be1 Ba5 45. Bf2 e1=Q 46. Bxe1 Bxe1 47. Bd3 f2 48. h6 Bg2 49. h7 Kg7 50. b4 f1=Q 51. Bxf1 Bxf1 52. Kf3 Bxb4 53. Ke4 Kxh7 54. Ke3 Bf8 55. Kf4 Bh3 56. Ke5 Bd7 57. Kf4 Kg6 58. Ke5 Bf5 59. Kd5 Kf6 60. Kd4 Ke6 61. Kc4 Bd6 62. Kd4 Be5+ 63. Ke3 Kd5 64. Kf3 Kd4 65. Kf2 Ke4 66. Ke2 Bf4 67. Kf2 Bg4 68. Kg2 Ke3 69. Kf1 Kd2 70. Kg2 Ke2 71. Kg1 Kf3 72. Kf1 Bg3 73. Kg1 Bh3 74. Kh1 Bg2+ 75. Kg1 Bh3 76. Kh1 Bf4 77. Kg1 Kg3 78. Kh1 Bg2+ 79. Kg1 Be3# 0-1


[Site "https://www.chess.com"]

[Event "Titled Tuesday Blitz September 27 Late 2022"]
[White "Salinas Herrera, Pablo"]
[Black "Tologon tegin, Semetei"]
[WhiteFideId "3407128"]
[BlackFideId "13800574"]
[WhiteElo "2550"]
[BlackElo "2174"]
[Result "0-1"]
[Round "05"]
[TimeControl "180+1"]
[Date "2022.09.28"]
[WhiteClock "0:00:12"]
[BlackClock "0:00:16"]

1. e4 e5 2. Nf3 Nc6 3. Bc4 Bc5 4. O-O Nf6 5. d3 a6 6. a3 d6 7. Nc3 h6 8. Be3 O-O 9. h3 Bxe3 10. fxe3 Be6 11. Nd5 Bxd5 12. exd5 Ne7 13. e4 Ng6 14. Kh2 Qe7 15. Qe1 Nh5 16. Nd2 Qd7 17. Rf5 Nf6 18. Qf2 Nh7 19. Rf1 Nf4 20. Qh4 g6 21. R5xf4 exf4 22. Qxh6 g5 23. Nf3 f6 24. Nd4 Rae8 25. Ne6 Rf7 26. g3 fxg3+ 27. Kxg3 c6 28. h4 cxd5 29. exd5 gxh4+ 30. Kxh4 Kh8 31. Rf5 Rg8 32. Rh5 Qe7 33. Kh3 f5 34. d4 Rf6 35. Qf4 Rfg6 36. Qxf5 Rg3+ 37. Kh2 Rg2+ 38. Kh1 Rg1+ 39. Kh2 R8g2+ 40. Kh3 Rg3+ 41. Kh2 R1g2+ 42. Kh1 Rg1+ 43. Kh2 R3g2+ 44. Kh3 Rg8 45. Bd3 Rh1# 0-1


[Site "https://www.chess.com"]

[Event "Titled Tuesday Blitz September 27 Late 2022"]
[White "Saraci, Nderim"]
[Black "Rangel, Daniel"]
[WhiteFideId "6351921"]
[BlackFideId "2124475"]
[WhiteElo "2553"]
[BlackElo "2225"]
[Result "1-0"]
[Round "05"]
[TimeControl "180+1"]
[Date "2022.09.27"]
[WhiteClock "0:02:24"]
[BlackClock "0:01:37"]

1. b3 Nf6 2. Bb2 g6 3. e3 Bg7 4. Nf3 O-O 5. d4 d6 6. c4 Nbd7 7. Nc3 c5 8. Be2 b6 9. O-O Bb7 10. Qd2 Ne4 11. Nxe4 Bxe4 12. Rfd1 Qc7 13. h3 Nf6 14. d5 Bf5 15. Bd3 Ne4 16. Bxe4 Bxe4 17. Bxg7 Kxg7 18. Qc3+ Kg8 19. Nd2 Bf5 20. e4 Bd7 21. Re1 e5 22. dxe6 Bxe6 23. Nf1 Bd7 24. Ne3 Bc6 25. Ng4 h6 26. Nf6+ Kg7 27. Ne8+ 1-0


[Site "https://www.chess.com"]

[Event "Titled Tuesday Blitz September 27 Late 2022"]
[White "So, Wesley"]
[Black "Mikhailov, Viacheslav"]
[WhiteFideId "5202213"]
[BlackFideId "4187369"]
[WhiteElo "2763"]
[BlackElo "2381"]
[Result "0-1"]
[Round "05"]
[TimeControl "180+1"]
[Date "2022.09.27"]
[WhiteClock "0:00:23"]
[BlackClock "0:00:26"]

1. Nf3 Nf6 2. c4 g6 3. Nc3 Bg7 4. e4 O-O 5. d4 d6 6. Be2 Bg4 7. Be3 Nc6 8. d5 Bxf3 9. Bxf3 Ne5 10. Be2 c6 11. f4 Ned7 12. dxc6 bxc6 13. O-O Rb8 14. Qd2 Qa5 15. Rab1 Rfe8 16. Rfd1 Qc7 17. g4 Nc5 18. Bxc5 dxc5 19. e5 Red8 20. Qe3 Nd7 21. g5 Nf8 22. Bg4 Rxd1+ 23. Rxd1 Rxb2 24. Qxc5 h5 25. Nd5 Qb8 26. Nxe7+ Kh7 27. Nxc6 Qb7 28. Bf3 Ne6 29. Qxa7 Qxa7+ 30. Nxa7 Nxf4 31. Bd5 Bxe5 32. Nc6 Nh3+ 33. Kh1 Rxh2# 0-1


[Site "https://www.chess.com"]

[Event "Titled Tuesday Blitz September 27 Late 2022"]
[White "Svane, Frederik"]
[Black "Bykov, Egor"]
[WhiteFideId "12923044"]
[BlackFideId "34115290"]
[WhiteElo "2459"]
[BlackElo "2192"]
[Result "0-1"]
[Round "05"]
[TimeControl "180+1"]
[Date "2022.09.27"]
[WhiteClock "0:00:03"]
[BlackClock "0:00:24"]

1. a3 d5 2. Nf3 Nf6 3. e3 Bg4 4. h3 Bh5 5. Be2 e6 6. O-O Nbd7 7. d4 Bd6 8. c4 c6 9. Nc3 O-O 10. b4 Ne4 11. Nxe4 dxe4 12. Nd2 Bxe2 13. Qxe2 f5 14. c5 Bc7 15. b5 Nf6 16. a4 Qd7 17. Rb1 Nd5 18. bxc6 bxc6 19. Qa6 Rab8 20. Ba3 g5 21. Rfe1 h5 22. Nc4 g4 23. h4 g3 24. Nd6 gxf2+ 25. Kxf2 f4 26. exf4 Nxf4 27. Rxb8 Bxb8 28. Rxe4 Qg7 29. Ke1 Qxg2 30. Qf1 Bxd6 31. cxd6 Qxe4+ 0-1


[Site "https://www.chess.com"]